 Dungeon Crawl Stone Soup version 0.31-a0-246-g8cbcc1cb85 (webtiles) character file.

Game seed: 3545857726024713211

32 qw the Shooter (level 3, -3/29 HPs)
             Began as a Minotaur Hexslinger on July 12, 2023.
             Slain by a gnoll
             ... wielding a +0 spear
              (4 damage)
             ... on level 1 of the Dungeon.
             The game lasted 00:00:13 (267 turns).

qw the Shooter (Minotaur Hexslinger)                 Turns: 267, Time: 00:00:14

Health: -3/29      AC:  2    Str: 12    XL:     3   Next: 8%
Magic:  3/3        EV: 12    Int: 10    God:
Gold:   70         SH:  0    Dex: 14    Spells: 3/4 levels left

rFire   . . .        a - +1 sling
rCold   . . .        (no shield)
rNeg    . . .        c - +0 robe
rPois   .            (helmet restricted)
rElec   .            (no cloak)
rCorr   .            (no gloves)
SInv    .            (no boots)
Will    .....        (no amulet)
Stlth   +            (no ring)
HPRegen 0.24/turn    (no ring)
MPRegen 0.08/turn

%: no passive effects
@: no status effects
A: horns 2, retaliatory headbutt
a: no special abilities


You were on level 1 of the Dungeon.
You visited 1 branch of the dungeon, and saw 1 of its levels.

You collected 70 gold pieces.


Innate Abilities, Weirdness & Mutations

You have a pair of horns on your head.
You reflexively headbutt those who attack you in melee.


   Skills:
 - Level 2.0 Fighting
 + Level 3.6 Ranged Weapons
 - Level 2.1 Dodging
 - Level 1.0 Spellcasting
 - Level 2.0 Hexes


You had 3 spell levels left.
You knew the following spells:

 Your Spells              Type           Power      Damage    Failure   Level
a - Slow                  Hex            16%        N/A       16%         1

Your spell library contained the following spells:

 Spells                   Type           Power      Damage    Failure   Level
 Inner Flame              Hex/Fire       2%         N/A       56%         3
 Portal Projectile        Hex/Tloc       4%         N/A       56%         3
 Cause Fear               Hex            2%         N/A       83%         4

Inventory:

Hand Weapons
 a - a +1 sling (weapon)
Armour
 c - a +0 robe (worn)
Scrolls
 b - a scroll of poison
 d - a scroll of identify {unknown}
 e - 2 scrolls of noise {unknown}

Dungeon Overview and Level Annotations

Branches:
Dungeon (1/15)

Altars:


Message History

The hobgoblin misses you.
The gnoll hits you from afar with a +0 spear.
The jackal barely misses you.
You shoot a sling bullet. The kobold shouts!
The sling bullet hits the rat but does no damage.
The rat closely misses you. The hobgoblin barely misses you.
The gnoll closely misses you.
The jackal bites you but does no damage.
The gnoll hits you from afar with a +0 spear.
The rat barely misses you. The hobgoblin barely misses you.
You shoot a sling bullet. The sling bullet hits the rat!
You kill the rat!
The jackal barely misses you. The hobgoblin hits you.
The gnoll closely misses you.
You shoot a sling bullet. The sling bullet hits the jackal.
The jackal is almost dead.
The jackal barely misses you. The jackal closely misses you.
The jackal bites you. The gnoll barely misses you.
The hobgoblin closely misses you. The jackal completely misses you.
You shoot a sling bullet.
The sling bullet barely misses the jackal.
The jackal barely misses you. You furiously retaliate!
You headbutt the jackal. The jackal closely misses you. The gnoll misses you.
The hobgoblin completely misses you. The quokka barely misses you.
The jackal barely misses you. You furiously retaliate!
You headbutt the jackal.
You kill the jackal!
You shoot a sling bullet.
The sling bullet closely misses the jackal.
The sling bullet misses the frilled lizard.
The jackal closely misses you. The quokka closely misses you.
The hobgoblin barely misses you. The gnoll closely misses you.
The jackal barely misses you. The jackal bites you. The quokka bites you.
You shoot a sling bullet.
The sling bullet completely misses the jackal.
The sling bullet hits the frilled lizard.
You kill the frilled lizard!
The jackal closely misses you. The jackal barely misses you.
The gnoll hits you from afar with a +0 spear.
You die...

#......# #......#
#...)..#########.
#......#.........
#########......#.........
..................%......
#########......#.........
.................r......#
#########......#@h.......
# #......#hg......# #
#####..gK.......# #
...##.......#
.....#........ . ..
........# ####### ...
....... ......######.
....... '#####...###


You could see a gnoll, a quokka, 2 jackals, a hobgoblin and a kobold.

Vanquished Creatures
  2 dart slugs (D:1)
  5 endoplasms (D:1)
  3 goblins (D:1)
  3 hobgoblins (D:1)
  4 jackals (D:1)
  2 ball pythons (D:1)
  3 bats (D:1)
  A frilled lizard (D:1)
  3 rats (D:1)
26 creatures vanquished.

Notes
Turn   | Place    | Note
-------+----------+-------------------------------------------
     0 | D:1      | qw the Minotaur Hexslinger began the quest for the Orb.
     0 | D:1      | Reached XP level 1. HP: 16/16 MP: 1/1
     0 | D:1      | 0 ||| qw: Version: 0.3-a-52-g30416fa
     0 | D:1      | 0 ||| qw: Game counter: 6325
     0 | D:1      | 0 ||| qw: Melee chars always use a shield: true
     0 | D:1      | 0 ||| qw: God list: Okawaru
     0 | D:1      | 0 ||| qw: Allow faded altars: false
     0 | D:1      | 0 ||| qw: Do Orc after clearing Dungeon:15 true
     0 | D:1      | 0 ||| qw: Do second Lair branch before Depths: true
     0 | D:1      | 0 ||| qw: Lair rune preference: random
     0 | D:1      | 0 ||| qw: Goals: Normal
     0 | D:1      | 0 ||| PLANNING D:1-11
    90 | D:1      | Reached skill level 3 in Ranged Weapons
    94 | D:1      | Reached XP level 2. HP: 23/23 MP: 2/2
   260 | D:1      | Reached XP level 3. HP: 15/29 MP: 3/3
   261 | D:1      | HP: 7/29 [gnoll/+0 spear (4)]
   266 | D:1      | HP: 2/29 [jackal (3)]
   267 | D:1      | Slain by a gnoll

Levels and vault maps discovered:
D:1:      dpeg_arrival_morbid_curiosity, layout_rooms, minmay_surrounded

Skill      XL: |  1  2 |
---------------+-------+-----
Ranged Weapons | 3 |  3.6
Fighting       | 2 |  2.0
Dodging        | |  2.1
Spellcasting   | |  1.0
Hexes          | |  2.0

Action                     || total
---------------------------++-------
   Fire: Sling             ||    76
 Armour: Robe              ||     9
  Dodge: Dodged            ||    54

Table legend:
 A = Non-vault XP
 B = Vault XP
 C = Vault XP percentage of total XP
 D = Non-vault monster count
 E = Vault monster count
 F = Vault count percentage of total count
                 A         B        C        D         E       F
            +---------+---------+-------+---------+---------+-------
      Total |      33 |      14 |  29.8 |      18 |       8 |  30.8
            +---------+---------+-------+---------+---------+-------
        D:1 |      33 |      14 |  29.8 |      18 |       8 |  30.8
            +---------+---------+-------+---------+---------+-------
